 Dungeon Crawl Stone Soup version 0.18.1-48-g4cf74bf (webtiles) character file.

39 Gottschkopf the Ruffian (level 3, -1/28 HPs)
             Began as a Draconian Transmuter on Aug 10, 2016.
             Slain by a quokka (4 damage)
             ... on level 2 of the Dungeon.
             The game lasted 00:01:58 (997 turns).

Gottschkopf the Ruffian (Draconian Transmuter)       Turns: 997, Time: 00:01:59

Health: -1/28      AC:  5    Str: 12    XL:     3   Next: 28%
Magic:  1/6        EV: 12    Int: 14    God:
Gold:   14         SH:  0    Dex: 11    Spells: 3 memorised, 0 levels left

rFire  . . .     SeeInvis .       - Unarmed
rCold  . . .     Gourm    .     (armour unavailable)
rNeg   . . .     Faith    .     (no shield)
rPois  .         Spirit   .     (helmet restricted)
rElec  .         Dismiss  .     (no cloak)
rCorr  .         Reflect  .     (no gloves)
SustAt .         Harm     .     (boots currently unavailable)
MR     .....                    (no amulet)
Stlth  +.........               (no ring)
                                (no ring)

@: lethally poisoned (-1 -> -4), appendage, very slightly contaminated, not
resistant to hostile enchantments, very unstealthy
A: unfitting armour, talons 3, cold-blooded, AC +5
a: End Transformation


You were on level 2 of the Dungeon.
You were not hungry.
You had grown temporary talons.
You visited 1 branch of the dungeon, and saw 2 of its levels.

You collected 14 gold pieces.

Inventory:

Missiles
 a - 12 arrows
Jewellery
 i - an uncursed ring of wizardry {unknown}
Scrolls
 d - a scroll of fear {unknown}
 h - 2 scrolls of identify {unknown}
Potions
 e - a potion of flight {unknown}
 g - a potion of brilliance {unknown}
 k - a potion of berserk rage {unknown}
Books
 b - a book of Changes

   Spells                             Type                      Level
   a - Beastly Appendage              Transmutation                1
   b - Sticks to Snakes               Transmutation                2
   c - Spider Form                    Transmutation/Poison         3
   d - Ice Form                       Ice/Transmutation            4
   e - Blade Hands                    Transmutation                5
Comestibles
 c - a bread ration
 f - 5 chunks of flesh
 j - a slice of pizza


   Skills:
 - Level 1.1 Fighting
 - Level 1.7 Dodging
 - Level 4.2 Unarmed Combat
 - Level 2.0 Spellcasting
 - Level 2.0 Transmutations
 + Level 1.0 Poison Magic


You couldn't memorise any spells.
You knew the following spells:

 Your Spells              Type           Power        Failure   Level  Hunger
a - Beastly Appendage     Trmt           #.....       12%         1    ##.....
b - Sticks to Snakes      Trmt           #.......     17%         2    ###....
c - Spider Form           Trmt/Pois      #.........   38%         3    ####...


Dungeon Overview and Level Annotations

Branches:
Dungeon (2/15)

Altars:


Innate Abilities, Weirdness & Mutations

Your plain brown scales are hard (AC +5).
Your body does not fit into most forms of armour.
You are cold-blooded and may be slowed by cold attacks.
You have claws for feet.


Message History

Unknown command.
You closely miss the jackal. You claw the jackal.
The jackal is moderately wounded.
You feel sick. The quokka bites you.
* * * LOW HITPOINT WARNING * * *
The jackal bites you but does no damage.
You hit the jackal but do no damage.
Your tail-slap misses the jackal.
The jackal is moderately wounded.
The jackal misses you. The quokka barely misses you.
The jackal barely misses you. The quokka bites you.
* * * LOW HITPOINT WARNING * * *
You hit the jackal but do no damage. You punch the jackal.
The jackal is heavily wounded.
The jackal bites you but does no damage.
The quokka bites you.
* * * LOW HITPOINT WARNING * * *
You hit the jackal.
You kill the jackal!
The quokka bites you.
You die...

#### #...
#####...##
..#.....##
........##
##.........
#.r."....#
#@....#
##....!#
####.#


You could see a quokka.

Vanquished Creatures
  An adder (D:2)
  A dart slug (D:1)
  2 giant geckos (D:1)
  A bat (D:1)
  4 hobgoblins (D:1)
  A jackal (D:2)
  9 goblins (D:1)
  4 kobolds (D:1)
23 creatures vanquished.

Notes
Turn   | Place    | Note
--------------------------------------------------------------
     0 | D:1      | Gottschkopf the Draconian Transmuter began the quest for the Orb.
     0 | D:1      | Reached XP level 1. HP: 16/16 MP: 3/3
   486 | D:1      | Reached XP level 2. HP: 16/23 MP: 3/5
   786 | D:1      | Learned a level 2 spell: Sticks to Snakes
   876 | D:1      | Reached skill level 4 in Unarmed Combat
   963 | D:1      | Reached XP level 3. HP: 28/28 MP: 3/6
   968 | D:1      | Learned a level 3 spell: Spider Form
   991 | D:2      | Reached skill level 1 in Poison Magic
   997 | D:2      | Slain by a quokka

Skill      XL: |  1  2  3 |
---------------+----------+-----
Unarmed Combat | 4 |  4.2
Poison Magic   | 1 |  1.0
Fighting       | |  1.1
Dodging        | |  1.7
Spellcasting   | |  2.0
Transmutations | |  2.0

Action                   || total
-------------------------++-------
Melee: Unarmed           ||    85
       Kick              ||     8
       Tailslap          ||     6
       Headbutt          ||     3
       Punch             ||     1
 Cast: Beastly Appendage ||    16
  Eat: Chunk             ||     1
Armor: Skin              ||    24
Dodge: Dodged            ||    67
